 Dungeon Crawl Stone Soup version 0.20-a0-1000-g0e8f6bb (webtiles) character file.

14 Rrauwl the Caller (level 2, -1/21 HPs)
             Began as a Bultungin Summoner on Apr 12, 2017.
             Slain by a leopard gecko (2 damage)
             ... on level 1 of the Dungeon.
             The game lasted 00:04:54 (1407 turns).

Rrauwl the Caller (Bultungin Summoner)              Turns: 1407, Time: 00:04:55

Health: -1/21      AC:  2    Str:  7    XL:     2   Next: 45%
Magic:  6/6        EV: 12    Int: 15    God:
Gold:   80         SH:  3    Dex: 14    Spells: 6/7 levels left

rFire    . . .     SeeInvis +   g - +0 whip
rCold    . . .     Gourm    .   k - +0 buckler
rNeg     . . .     Faith    .   a - +0 robe
rPois    .         Spirit   .   (no helmet)
rElec    .         Reflect  .   (no cloak)
rCorr    .         Harm     .   (no gloves)
MR       .....                  (no boots)
Stlth    ++........             (no amulet)
Regen    0.1/turn               (no ring)
MPRegen  0.1/turn               (no ring)

@: no status effects
A: short attention span, fangs 1, see invisible, strong nose
a: no special abilities


You were on level 1 of the Dungeon.
You were hungry.

You visited 1 branch of the dungeon, and saw 1 of its levels.

You collected 80 gold pieces.

Inventory:

Hand Weapons
 g - a +0 whip (weapon)
Missiles
 h - 5 sling bullets
 l - 5 tomahawks of dispersal (quivered)
Armour
 a - a +0 robe (worn)
 k - a +0 buckler (worn)
Scrolls
 f - 2 scrolls of fear {unknown}
 j - a scroll of teleportation {unknown}
Potions
 e - 2 potions of berserk rage {unknown}
Books
 b - a book of Callings

   Spells                             Type                      Level
   a - Summon Small Mammal            Summoning                    1
   b - Call Imp                       Summoning                    2
   c - Call Canine Familiar           Summoning                    3
   d - Summon Guardian Golem          Hexes/Summoning              3
   e - Summon Lightning Spire         Summoning/Air                4
   f - Summon Ice Beast               Ice/Summoning                4
Comestibles
 c - a bread ration
 d - a fruit


   Skills:
 + Level 1.3 Fighting
 + Level 1.5 Armour
 - Level 3.0 Dodging
 - Level 3.0 Stealth
 + Level 0.4 Shields
 + Level 3.3 Spellcasting
 + Level 5.9 Summonings


You had 6 spell levels left.
You knew the following spells:

 Your Spells              Type           Power        Failure   Level  Hunger
a - Summon Small Mammal   Summ           ###.         2%          1    None


Dungeon Overview and Level Annotations

Branches:
Dungeon (1/15)

Altars:


Innate Abilities, Weirdness & Mutations

You have a short attention span.
You have very sharp teeth.
You have supernaturally acute eyesight. (SInv)
Your uncanny sense of smell can sniff out nearby items.


Message History

The leopard gecko is severely wounded.
The bat hits you. The leopard gecko bites you.
* * * LOW HITPOINT WARNING * * *
Your quokka bites the bat.
The bat dies!
The goblin throws a stone.
The stone barely misses you. The stone hits your quokka.
The goblin throws a stone.
The stone closely misses you. The leopard gecko bites you.
* * * LOW HITPOINT WARNING * * *
Your quokka bites the leopard gecko but does no damage.
The goblin throws a stone.
The stone hits you but does no damage.
Your quokka closely misses the leopard gecko.
You see here 2 stones.
Your quokka closely misses the leopard gecko.
There is a staircase leading out of the dungeon here.
Your shield prevents you from hitting the leopard gecko.
The leopard gecko is severely wounded.
The leopard gecko bites you.
You die...

............#.#.(.#.##
#
............#.##..#..#
#
............#.##.(##.#
#
.....########.###..###
# ....## #.# ##(.#
...##..# ....#
#.####.## ##...#..##
....#### #.#.##.#
#..g....## .......#
#.##.#.# ##.......##
.......# #.#.@..##
#.........# .).....#
#.##.l..###........##
##.....#
#..#..r.##...)...# #
#.....#
#..#.....#.(....# ##
#######
#..##....#..##### #.
#...##.#.((.# #.
#.#..######### #.
#.#..........# ##
#.#..#######.## #


You could see a leopard gecko and a friendly quokka.

Vanquished Creatures
  A leopard gecko (D:1)
  A hobgoblin (D:1)
  2 kobolds (D:1)
  A ball python (D:1)
  3 rats (D:1)
8 creatures vanquished.

Vanquished Creatures (collateral kills)
  A giant cockroach (D:1)
  3 goblins (D:1)
  2 bats (D:1)
  3 kobolds (D:1)
9 creatures vanquished.

Grand Total: 17 creatures vanquished

Notes
Turn   | Place    | Note
-------+----------+-------------------------------------------
     0 | D:1      | Rrauwl the Bultungin Summoner began the quest for the Orb.
     0 | D:1      | Reached XP level 1. HP: 13/13 MP: 4/4
   693 | D:1      | Reached skill level 1 in Armour
   693 | D:1      | Reached XP level 2. HP: 20/20 MP: 6/6
  1274 | D:1      | Reached skill level 1 in Fighting
  1400 | D:1      | HP: 1/21 [leopard gecko (5)]
  1407 | D:1      | Slain by a leopard gecko

Vault maps used:
D:1:      dpeg_arrival_arbitrary_a

Skill      XL: |  1  2 |
---------------+-------+-----
Stealth        | 3 |  3.0
Armour         | 1 |  1.5
Fighting       | 1 |  1.3
Dodging        | |  3.0
Shields        | |  0.4
Spellcasting   | |  3.3
Summonings     | |  5.9

Action                   || total
-------------------------++-------
Melee: Whip              ||    47
       Unarmed           ||    16
       Bite              ||     6
 Cast: Summon Small Mamm ||    11
 Stab: Sleeping          ||     4
  Eat: Fruit             ||     1
Armor: Robe              ||    13
Dodge: Dodged            ||    40
Block: Buckler           ||     8
